 Dungeon Crawl Stone Soup version 0.29.0-11-gd7f09526c8 (webtiles) character file.

Game seed: 3191549656514324744

62304 ragingrage the Nimble (level 15, -2/86 HPs)
             Began as a Kobold Hedge Wizard on Sept 5, 2022.
             Was an Elder of Hepliaklqana.
             Slain by a large abomination (30 damage)
             ... in a Gauntlet on Sept 6, 2022.
             The game lasted 01:02:07 (27078 turns).

ragingrage the Nimble (Kobold Hedge Wizard)        Turns: 27078, Time: 01:02:08

Health: -2/86      AC:  9    Str:  9    XL:     15   Next: 45%
Magic:  25/37      EV: 22    Int: 27    God:    Hepliaklqana [****..]
Gold:   1196       SH:  0    Dex: 14    Spells: 5/32 levels left

rFire   + + .      SeeInvis .   a - +4 quarterstaff "Lifebane" {vorpal, rPois rN+}
rCold   + + .      Faith    .   (shield currently unavailable)
rNeg    + . .      Spirit   .   p - +2 robe {Will+}
rPois   +          Reflect  .   j - +0 helmet
rElec   .          Harm     .   D - scarf {rC+ rF+}
rCorr   .          Rampage  .   x - +0 pair of gloves of Light {-Tele rF+ Will+ Int+5}
Will    +++..      NoTele   +   h - +2 pair of boots
Stlth   +++++.....              R - amulet of regeneration
HPRegen 1.04/turn               P - ring of magical power
MPRegen 0.25/turn               z - ring of protection from cold

@: flying
A: reduced essence, small, no large weapons, nightstalker 3
a: Renounce Religion, Recall Ancestor, Ancestor Identity, Transference, Idealise


You were in a Gauntlet.
You worshipped Hepliaklqana.
Hepliaklqana was greatly pleased with you.
You visited 3 branches of the dungeon, and saw 18 of its levels.
You also visited: Gauntlet.

You collected 1346 gold pieces.
You spent 150 gold pieces at shops.

Inventory:

Hand Weapons
 a - the +4 quarterstaff "Lifebane" (weapon) {vorpal, rPois rN+}
   (You found it on level 2 of the Dungeon)

   It inflicts extra damage upon your enemies.
   rPois:     It protects you from poison.
   rN:        It protects you from negative energy.
 c - a +2 short sword of venom
 F - a +0 arbalest
 L - the +2 mace of Balance {distort, rF+ rC+ rN++ rCorr}
   (You took it off an orc wizard on level 8 of the Dungeon)

   It warps and distorts space around it, and may blink, banish, or inflict
   extra damage upon those it strikes.
   Unwielding it can cause banishment or high damage.
   rF:        It protects you from fire.
   rC:        It protects you from cold.
   rN:        It greatly protects you from negative energy.
   rCorr:     It protects you from acid and corrosion.
Missiles
 e - 4 boomerangs of dispersal
 y - 4 throwing nets
 J - 12 poisoned darts
 M - 6 curare-tipped darts
Armour
 h - a +2 pair of boots (worn)
 j - a +0 helmet (worn)
 p - a +2 robe of willpower (worn)
 x - the +0 pair of gloves of Light (worn) {-Tele rF+ Will+ Int+5}
   (You found it on level 4 of the Dungeon)

   Int:       It affects your intelligence (+5).
   rF:        It protects you from fire.
   -Tele:     It prevents most forms of teleportation.
   Will:      It increases your willpower.
 D - a scarf of resistance (worn)
 H - a +1 pair of boots of flying
 I - the +4 kite shield of Lugonu's Inspiration {rN++ Will+ Stlth+}
   (You acquired it on level 8 of the Dungeon)

   rN:        It greatly protects you from negative energy.
   Will:      It increases your willpower.
   Stlth:     It makes you more stealthy.
 O - a +3 leather armour
 Y - the +4 pair of gloves of Exzip {Str+3 Stlth+}
   (You found it in a Gauntlet)

   Str:       It affects your strength (+3).
   Stlth:     It makes you more stealthy.
Magical Staves
 b - a staff of conjuration
 v - a staff of fire
Jewellery
 z - a ring of protection from cold (right hand)
 C - a +6 ring of dexterity
 P - a ring of magical power (left hand)
 R - an amulet of regeneration (around neck)
Wands
 q - a wand of polymorph (6)
 t - a wand of charming (11)
 u - a wand of flame (52)
 U - a wand of roots (9)
 W - a wand of light (3)
Scrolls
 k - 2 scrolls of butterflies
 m - 3 scrolls of poison
 r - 4 scrolls of identify
 w - 5 scrolls of blinking
 A - 13 scrolls of teleportation
 E - 4 scrolls of vulnerability
 G - 4 scrolls of immolation
 N - 10 scrolls of enchant weapon
 S - 4 scrolls of amnesia
Potions
 d - 3 potions of magic
 f - 5 potions of might
 g - 3 potions of flight
 i - 10 potions of degeneration
 l - 2 potions of brilliance
 n - 5 potions of lignification
 o - 10 potions of curing
 s - 4 potions of heal wounds
 B - 4 potions of ambrosia
 K - 3 potions of berserk rage
 Q - a potion of haste
 T - a potion of mutation
 X - a potion of resistance {unknown}
Miscellaneous
 V - a phantom mirror


   Skills:
 - Level 12.0 Fighting
 - Level 2.0 Armour
 + Level 14.4 Dodging
 - Level 10.0 Stealth
 + Level 9.3 Shields
 - Level 9.0 Spellcasting
 - Level 9.0 Conjurations
 + Level 8.6 Summonings
 - Level 2.0 Translocations
 - Level 4.0 Fire Magic
 - Level 6.0 Invocations


You had 5 spell levels left.
You knew the following spells:

 Your Spells              Type           Power      Damage    Failure   Level
a - Magic Dart            Conj           100%       1d8       1%          1
b - Call Imp              Summ           56%        N/A       1%          2
c - Blink                 Tloc           44%        N/A       3%          2
d - Mephitic Cloud        Conj/Pois/Air  28%        N/A       4%          3
e - Ignite Poison         Fire/Tmut/Pois 19%        N/A       9%          3
f - Sticky Flame          Conj/Fire      47%        2d6       3%          4
g - Searing Ray           Conj           100%       2d8       1%          2
h - Summon Forest         Summ/Tloc      20%        N/A       16%         5
i - Summon Mana Viper     Hex/Summ       35%        N/A       22%         5

Your spell library contained the following spells:

 Spells                   Type           Power      Damage    Failure   Level
 Conjure Flame            Conj/Fire      47%        6-21      1%          3
 Dazzling Flash           Conj/Hex       72%        N/A       2%          3
 Beastly Appendage        Tmut           24%        N/A       4%          1
 Slow                     Hex            48%        N/A       4%          1
 Ensorcelled Hibernation  Hex/Ice        24%        N/A       7%          2
 Sublimation of Blood     Necr           12%        N/A       7%          2
 Wereblood                Tmut           12%        N/A       7%          2
 Frozen Ramparts          Ice            24%        1d4       14%         3
 Spider Form              Tmut/Pois      12%        N/A       14%         3
 Anguish                  Hex/Necr       6%         N/A       43%         4
 Agony                    Necr           12%        N/A       78%         5
 Silence                  Hex/Air        6%         N/A       78%         5
 Summon Cactus Giant      Summ           28%        N/A       22%         6
 Spellforged Servitor     Conj/Summ      28%        N/A       73%         7
 Summon Hydra             Summ           28%        N/A       75%         7
 Ozocubu's Refrigeration  Ice            6%         4d8       100%        7


Dungeon Overview and Level Annotations

Branches:
Dungeon (12/15)            Temple (1/1) D:5            Lair (5/5) D:9
 Shoals (0/4) Lair:2       Spider (0/4) Lair:2        Slime (0/5) Lair:4
    Orc (0/2) D:11        Gauntlet (1/1)

Altars:
Ashenzari
Cheibriados
Dithmenos
Elyvilon
Fedhas
Gozag
Hepliaklqana
Kikubaaqudgha
Makhleb
Nemelex Xobeh
Okawaru
Ru
Sif Muna
Trog
Uskayaw
Vehumet
Wu Jian
Xom
Yredelemnul
Zin
The Shining One
Jiyva

Shops:
D:4 !

Annotations:
D:3 Grinder
D:5 2 runed translucent doors
Lair:1 2 transporters
Lair:4 exclusion: downstairs Gauntlet 9 transporters


Innate Abilities, Weirdness & Mutations

Your life essence is reduced to manifest your ancestor. (-10% HP)
You are small and have problems with some larger weapons.
You are completely attuned to the shadows.


Message History

Your mana viper splashes around in the water.
The large abomination hits your mana viper!!
Your mana viper dies!
Your mana viper disappears in a puff of smoke!
The large abomination closely misses you.
The large abomination completely misses you.
The large abomination attacks as you move away!
The large abomination misses you.
The large abomination hits you but does no damage.
The small abomination closely misses you.
The small abomination completely misses you.
The small abomination attacks as you move away!
The small abomination closely misses you.
You see here the +4 pair of gloves of Exzip {Str+3 Stlth+}.
Y - the +4 pair of gloves of Exzip {Str+3 Stlth+} The small abomination hits you.
You sock the small abomination!
The small abomination is heavily damaged.
The small abomination closely misses you.
The small abomination closely misses you.
The large abomination misses you.
The small abomination completely misses you.
The small abomination misses you. The large abomination misses you.
The small abomination closely misses you.
The small abomination completely misses you.
Space becomes stable.
The large abomination barely misses you.
The small abomination closely misses you.
You see here a +0 rapier.
The large abomination hits you!! x2
The large abomination closely misses you.
The small abomination misses you.
There is a transporter, spattered with blood here.
The small abomination attacks as you move away!
The small abomination completely misses you.
The large abomination attacks as you move away!
The large abomination barely misses you.
The large abomination hits you!!
You die...

..#..###########...#####
©.#≈.............§......
..#∩............≈8≈§....
©.#≈.............§......
..#..###########...#####
..#..#)...≈....#...#.^..
8.#..#≈≈.≈≈.≈≈≈♣...#....
..#..#..≈..≈≈..###♣#†.#.
8.#..#?@.≈≈.~~~#...#†.†.
..#..#©X.≈..≈≈.#©.©#©..^
8§#..#xXx≈≈.≈~≈#...#..P.
###..#≈.≈..≈~~≈###♣#..#.
###..#X≈≈≈..≈≈~#...#....
#8#..#....≈≈©~.♣.8.#.^..
###..########♣##...#####
#.....................
#≈....................


You could see 3 large abominations and 2 small abominations.

Vanquished Creatures
  A fire dragon (Lair:5)
  2 boulder beetles
  Erolcha (D:9)
  2 hydras
  A two-headed ogre (D:8)
  4 death yaks
  An ugly thing (D:9)
  2 black mambas (Lair:5)
  5 elephants
  6 cane toads
  An unseen horror (D:11)
  4 komodo dragons
  2 rime drakes
  A meliai (Lair:2)
  A hornet (D:7)
  A polar bear (Lair:5)
  A raiju (Lair:5)
  A dream sheep (Lair:5)
  10 blink frogs
  A vampire (D:10)
  25 yaks
  3 wyverns
  A shadow (D:11)
  Grum (D:9)
  A steam dragon (D:9)
  Menkaure (D:5)
  A death yak simulacrum (Lair:4)
  2 wargs (Lair:5)
  2 acid dragons (Lair:5)
  6 hell hounds (Lair:5)
  5 water moccasins
  Duvessa (D:6)
  An orc warrior (D:8)
  3 ice beasts (D:8)
  5 black bears
  24 wolves
  A kobold brigand (D:8)
  2 phantoms (D:5)
  6 bullfrogs
  2 scorpions
  2 wights (D:8)
  Dowan (D:6)
  A small abomination (Gauntlet)
  5 killer bees
  2 howler monkeys (D:12)
  A hound (D:5)
  3 jellies
  5 orc priests
  Natasha (thrice) (D:3)
  4 iguanas
  A knight (D:8)
  4 hell rats (Lair:4)
  3 orc wizards
  A wolf simulacrum (Lair:4)
  6 gnolls
  8 adders
  A shadow imp (D:6)
  2 white imps (D:6)
  An ufetubus (D:6)
  A dart slug (D:2)
  27 orcs
  9 ball pythons
  2 endoplasms
  7 giant cockroaches
  7 goblins
  4 hobgoblins
  5 jackals
  6 kobolds
  3 quokkas
  3 bats
  3 frilled lizards
  5 rats
277 creatures vanquished.

Vanquished Creatures (collateral kills)
  A dire elephant (Gauntlet)
  A boulder beetle (Lair:2)
  7 hydras
  Harold (Lair:1)
  A centaur warrior (D:10)
  4 death yaks (Lair:5)
  A swamp dragon (Lair:5)
  2 lindwurms
  13 elephants
  A merfolk siren (Lair:2)
  2 torpor snails
  A black mamba (Lair:1)
  4 cane toads
  A rime drake (Lair:1)
  3 unseen horrors
  3 komodo dragons
  A troll (D:10)
  2 hornets
  8 polar bears (Lair:5)
  Prince Ribbit (D:7)
  4 dream sheep
  7 blink frogs
  2 basilisks
  A shadow (D:10)
  29 yaks
  3 wyverns
  A steam dragon (Lair:5)
  2 vampire mosquitoes (D:11)
  2 small abominations (Gauntlet)
  4 wargs (Lair:5)
  9 water moccasins
  2 acid dragons (Lair:5)
  8 hell hounds (Lair:5)
  A swamp drake (D:11)
  An orc warrior (D:9)
  7 black bears (Lair:5)
  2 ice beasts
  2 centaurs
  8 wolves
  4 ogres
  A phantom (D:6)
  5 bullfrogs
  A necrophage (D:7)
  2 scorpions
  6 wights
  7 killer bees
  A howler monkey (D:12)
  A hound (D:5)
  3 jellies (Lair:4)
  4 orc priests
  6 iguanas
  Jessica (D:2)
  Terence (D:2)
  7 orc wizards
  3 hell rats (Lair:4)
  A polar bear simulacrum (Lair:4)
  2 white imps
  A dart slug (D:1)
  18 orcs
  2 ball pythons
  3 endoplasms
  A goblin (D:1)
  4 hobgoblins
  2 jackals
  A quokka (D:1)
  2 kobolds
243 creatures vanquished.

Vanquished Creatures (others)
  A black mamba (Lair:4)
  13 knights
  An ancestor (D:5)
  60 fungi
  100 plants
175 creatures vanquished.

Grand Total: 695 creatures vanquished

Notes
Turn   | Place    | Note
-------+----------+-------------------------------------------
     0 | D:1      | ragingrage the Kobold Hedge Wizard began the quest for the
                  | Orb.
     0 | D:1      | Reached XP level 1. HP: 10/10 MP: 4/4
   180 | D:1      | Reached XP level 2. HP: 8/15 MP: 1/6
   396 | D:1      | Learned a level 2 spell: Call Imp
   399 | D:1      | Learned a level 2 spell: Blink
   584 | D:1      | Reached XP level 3. HP: 19/19 MP: 6/8
  1042 | D:1      | Found a faded altar of an unknown god.
  1699 | D:2      | Noticed Terence
  1719 | D:2      | Killed Terence
  1720 | D:2      | Reached XP level 4. HP: 3/24 MP: 1/10
  2053 | D:2      | Identified the +4 quarterstaff "Lifebane" {vorpal, rPois
                  | rN+}
  2105 | D:2      | Noticed Jessica
  2541 | D:2      | Killed Jessica
  2542 | D:2      | Reached XP level 5. HP: 28/28 MP: 9/11
  3285 | D:3      | Noticed Natasha
  3293 | D:3      | Killed Natasha
  3538 | D:3      | Noticed Natasha
  3612 | D:3      | Killed Natasha
  3832 | D:3      | Learned a level 3 spell: Mephitic Cloud
  4172 | D:3      | Noticed Natasha
  4184 | D:3      | Killed Natasha
  4185 | D:3      | Reached skill level 5 in Spellcasting
  4185 | D:3      | Reached XP level 6. HP: 23/32 MP: 8/13
  4345 | D:3      | Noticed Grinder
  4914 | D:4      | Identified the +0 pair of gloves of Light {-Tele rF+ Will+
                  | Int+5}
  4918 | D:4      | Found Seckatag's Distillery.
  4924 | D:4      | Identified a scroll of acquirement
  4929 | D:4      | Acquired a staff of conjuration
  5223 | D:4      | Bought a potion of heal wounds for 50 gold pieces
  5223 | D:4      | Bought a potion of haste for 100 gold pieces
  5947 | D:5      | Entered Level 5 of the Dungeon
  5956 | D:5      | Found a staircase to the Ecumenical Temple.
  5971 | Temple   | Entered the Ecumenical Temple
  6186 | Temple   | Became a worshipper of Hepliaklqana the Forgotten
  6240 | D:5      | Noticed Menkaure
  6256 | D:5      | Reached skill level 5 in Conjurations
  6256 | D:5      | Reached XP level 7. HP: 28/37 MP: 8/14
  6258 | D:5      | Killed Menkaure
  6374 | D:5      | Found an iron altar of Okawaru.
  6428 | D:5      | Reached XP level 8. HP: 40/46 MP: 7/15
  6509 | D:5      | Found a glowing drain.
  6784 | D:5      | Found a runed translucent door.
  6909 | D:5      | Reached * piety under Hepliaklqana
  7096 | D:5      | Found a runed translucent door.
  7491 | D:6      | Reached skill level 5 in Fighting
  7491 | D:6      | Reached skill level 3 in Dodging
  7594 | D:6      | Noticed Duvessa
  7604 | D:6      | Noticed Dowan
  7763 | D:6      | Reached XP level 9. HP: 36/48 MP: 12/17
  7945 | D:6      | Reached ** piety under Hepliaklqana
  7946 | D:6      | Remembered your ancestor Tlalli as a knight
  8359 | D:6      | Killed Duvessa
  8360 | D:6      | Reached skill level 4 in Dodging
  8362 | D:6      | Killed Dowan
  8606 | D:7      | Learned a level 3 spell: Ignite Poison
  8609 | D:7      | Noticed Prince Ribbit
  8636 | D:7      | Killed Prince Ribbit
  8637 | D:7      | Reached skill level 5 in Dodging
  8794 | D:7      | Noticed a hornet
  8832 | D:7      | Killed a hornet
  9181 | D:7      | Reached skill level 6 in Dodging
  9790 | D:7      | Learned a level 4 spell: Sticky Flame
  9888 | D:8      | Reached XP level 10. HP: 47/56 MP: 16/20
  9920 | D:8      | Noticed a two-headed ogre
 10253 | D:8      | Killed a two-headed ogre
 10254 | D:8      | Reached skill level 7 in Dodging
 10254 | D:8      | Reached skill level 1 in Fire Magic
 10447 | D:8      | Reached skill level 5 in Stealth
 10593 | D:8      | Identified the +2 mace of Balance {distort, rF+ rC+ rN++
                  | rCorr} (You took it off an orc wizard on level 8 of the
                  | Dungeon)
 10903 | D:8      | Reached *** piety under Hepliaklqana
 10961 | D:8      | Acquired the +4 kite shield of Lugonu's Inspiration {rN++
                  | Will+ Stlth+}
 11960 | D:9      | Reached skill level 1 in Shields
 11975 | D:9      | Reached XP level 11. HP: 55/61 MP: 9/21
 12098 | D:9      | Reached skill level 8 in Dodging
 12192 | D:9      | Noticed Erolcha
 12216 | D:9      | Killed Erolcha
 12330 | D:9      | Found a staircase to the Lair.
 12783 | D:9      | Noticed a green ugly thing
 12799 | D:9      | Killed a green ugly thing
 12884 | D:9      | Noticed Grum
 12897 | D:9      | Killed Grum
 13298 | D:10     | Entered Level 10 of the Dungeon
 13409 | D:10     | Reached **** piety under Hepliaklqana
 13970 | D:10     | Noticed a centaur warrior
 14403 | D:10     | Got Vadarud's Octavo of Lethal Snow
 14407 | D:10     | Learned a level 2 spell: Searing Ray
 14470 | D:10     | Identified the +5 chain mail of Inviolability {rElec}
 14595 | D:10     | Reached ***** piety under Hepliaklqana
 14764 | D:10     | Killed a centaur warrior
 15283 | Lair:1   | Entered Level 1 of the Lair of Beasts
 15292 | Lair:1   | Reached skill level 9 in Dodging
 15551 | Lair:1   | Reached XP level 12. HP: 68/68 MP: 6/22
 15563 | Lair:1   | Noticed a seven-headed hydra
 15994 | Lair:1   | Killed a seven-headed hydra
 16106 | Lair:1   | Reached skill level 10 in Dodging
 16197 | Lair:1   | Noticed Harold
 16216 | Lair:1   | Killed Harold
 16217 | Lair:1   | Reached skill level 10 in Stealth
 16217 | Lair:1   | Reached skill level 5 in Shields
 16381 | Lair:1   | Reached skill level 1 in Armour
 16579 | Lair:1   | Noticed a four-headed hydra
 16589 | Lair:1   | Killed a four-headed hydra
 16651 | Lair:1   | Found a transporter.
 16904 | Lair:1   | Found a transporter.
 17173 | Lair:2   | Noticed a boulder beetle
 17407 | Lair:2   | Reached XP level 13. HP: 72/72 MP: 15/24
 17409 | Lair:2   | Noticed a four-headed hydra
 17415 | Lair:2   | Killed a four-headed hydra
 17547 | Lair:2   | Found a hole to the Spider Nest.
 17717 | Lair:2   | Reached skill level 11 in Dodging
 17727 | Lair:2   | Noticed a four-headed hydra
 17734 | Lair:2   | Killed a four-headed hydra
 17735 | Lair:2   | Reached skill level 10 in Fighting
 17864 | Lair:2   | Noticed a six-headed hydra
 17872 | Lair:2   | Killed a six-headed hydra
 18096 | Lair:2   | Killed a boulder beetle
 18275 | Lair:2   | Found a staircase to the Shoals.
 19213 | Lair:3   | Identified the +8 flail of Kiw Obea {protect, *Rage rElec
                  | rN+++ Str+4}
 19399 | Lair:3   | Reached ****** piety under Hepliaklqana
 19512 | Lair:3   | Noticed a four-headed hydra
 19518 | Lair:3   | Killed a four-headed hydra
 19575 | Lair:3   | Noticed a boulder beetle
 19708 | Lair:3   | Killed a boulder beetle
 20479 | Lair:4   | Reached skill level 12 in Dodging
 20489 | Lair:4   | Reached skill level 5 in Summonings
 20751 | Lair:4   | Found a runed translucent door.
 20751 | Lair:4   | Found a viscous altar of Jiyva.
 20756 | Lair:4   | Found a staircase to the Slime Pits.
 20879 | Lair:4   | Reached XP level 14. HP: 81/81 MP: 19/27
 20904 | Lair:4   | Reached skill level 1 in Invocations
 21931 | Lair:5   | Entered Level 5 of the Lair of Beasts
 22089 | Lair:4   | Learned a level 5 spell: Summon Forest
 22383 | Lair:5   | Reached skill level 13 in Dodging
 23460 | Lair:5   | Learned a level 5 spell: Summon Mana Viper
 23606 | Lair:5   | Reached skill level 5 in Invocations
 23903 | Lair:5   | Reached XP level 15. HP: 23/86 MP: 6/28
 24340 | Lair:5   | Identified the +5 chain mail of the Dull Worm {Rampage
                  | +Blink}
 25089 | Lair:5   | Identified the +2 ring mail of a Labyrinth {rPois rN+ rCorr
                  | Dex-4}
 25545 | D:11     | Reached skill level 14 in Dodging
 25983 | D:11     | Found a staircase to the Orcish Mines.
 26501 | D:11     | You fall into a shaft and drop 1 floor!
 26652 | D:12     | Found a gate leading to a gauntlet.
 26658 | Gauntlet | Entered a Gauntlet
 26669 | Gauntlet | Found a transporter.
 26669 | Gauntlet | Found a transporter.
 26689 | Gauntlet | Found a transporter.
 26725 | Gauntlet | Found a transporter.
 26739 | Gauntlet | Found a transporter.
 26764 | Gauntlet | Found a transporter.
 26775 | Gauntlet | Found a transporter.
 26793 | Gauntlet | Found a transporter.
 26804 | Gauntlet | Found a transporter.
 26811 | Gauntlet | Found a transporter.
 26833 | Gauntlet | Found a transporter.
 26846 | Gauntlet | Found a transporter.
 27071 | Gauntlet | Identified the +4 pair of gloves of Exzip {Str+3 Stlth+}
 27078 | Gauntlet | Slain by a large abomination

Illustrated notes

Levels and vault maps discovered:
D:1:      lightli_arrival_windingriver, layout_basic,
          shapermc_ecumenical_altar_starsandcircs, palyth_stone_intersect,
          minmay_misc_feat_encased, minmay_hedge_maze, moated_statue,
          roderic_roman_lattice
D:2:      layout_loops_ring, uniq_terence, uniq_jessica
D:3:      layout_basic, uniq_natasha, uniq_grinder
D:4:      layout_cave_pools, serial_shops, nicolae_shop_stone, serial_park,
          serial_park_avenue1, serial_park_square3
          [serial_park_minivault_5x5_6], serial_park_tiny_2
D:5:      layout_cave_pools, okawaru_metal_pillars_1_2,
          minmay_temple_entry_grid, gup_sewer_entry_glass,
          ebering_ghost_sewer_f, uniq_menkaure
D:6:      layout_gridville, dreamdust_wishing_well,
          corexii_item_surrounded_by_moat, uniq_duvessa
D:7:      layout_basic, uniq_prince_ribbit1
D:8:      kennysheep_ambush_hall, layout_basic
D:9:      layout_basic, lair_entry_dummy, minmay_door_square, uniq_erolcha,
          uniq_grum
D:10:     layout_layer_cave
D:11:     layout_basic, erik_orc_1
D:12:     wander_river, layout_basic, gauntlet_entry_generic
Temple:   mainiacjoe_temple_hex_bubbles
Lair:1:   gammafunk_worm_tunnel, layout_loops_ring, infiniplex_staircase_pool,
          uniq_harold
Lair:2:   layout_regular_city, minmay_shoals_entry_lonely_mermaid,
          hellmonk_spider_entry_not_the_bees
Lair:3:   layout_cave_pods, minivault_23, chequers_serial_rivers_room_b,
          nzn_sisyphean_effort, infiniplex_staircase_pool_2
Lair:4:   layout_gridlike, slime_entry_2, portal_ice_cave_entry_ice_simulacra,
          grunt_megastairs_5, serial_bayou_shore_a
Lair:5:   guppyfry_lair_end_dragon, layout_gridlike,
          hangedman_lair_caniforms_friends, grunt_megastairs_3
Gauntlet: gammafunk_gauntlet_shortcut [gammafunk_gauntlet_arena_hedges,
          nicolae_gauntlet_arena_flowing_pool, gammafunk_gauntlet_arena_split_x,
          gammafunk_gauntlet_arena_arrow_garden, gammafunk_gauntlet_arena_grid,
          gammafunk_gauntlet_arena_teeth, dreamdust_gauntlet_exit_labyrinth]

Skill      XL: |  1  2  3  4  5  6  7  8  9 10 11 12 13 14 15 |
---------------+----------------------------------------------+-----
Summonings     | 2 4 5 7 8 |  8.6
Spellcasting   | 4 5 7 9 |  9.0
Conjurations   | 2 3 5 6 7 9 |  9.0
Translocations | 2 |  2.0
Fighting       | 3 5 7 8 9 11 12 | 12.0
Dodging        | 3 6 7 9 10 12 13 14 | 14.4
Stealth        | 3 6 8 10 | 10.0
Fire Magic     | 2 4 |  4.0
Shields        | 1 3 5 7 8 9 |  9.3
Armour         | 2 |  2.0
Invocations    | 5 6 |  6.0

Action                   |  1- 3 |  4- 6 |  7- 9 | 10-12 | 13-15 || total
-------------------------+-------+-------+-------+-------+-------++-------
Melee: Dagger            |    38 |       |       |       |       ||    38
       Quarterstaff      |       |    73 |    81 |    18 |    14 ||   186
       Short sword       |       |       |       |    31 |   208 ||   239
       Punch             |       |       |       |     1 |     2 ||     3
       Staff             |       |       |       |     6 |       ||     6
Throw: Dart              |       |       |       |       |     7 ||     7
 Cast: Magic Dart        |    41 |    40 |    84 |   206 |   246 ||   617
       Call Imp          |     9 |    42 |    16 |    12 |     8 ||    87
       Mephitic Cloud    |       |       |    14 |    40 |    68 ||   122
       Ignite Poison     |       |       |     3 |     3 |     2 ||     8
       Searing Ray       |       |       |       |    19 |    41 ||    60
       Sticky Flame      |       |       |       |     6 |    15 ||    21
       Summon Forest     |       |       |       |       |     4 ||     4
       Summon Mana Viper |       |       |       |       |     1 ||     1
Invok: Recall Ancestor   |       |       |     1 |     4 |     5 ||    10
       Ancestor Life: Kn |       |       |     1 |       |       ||     1
       Transference      |       |       |       |       |     4 ||     4
       Idealise          |       |       |       |       |     1 ||     1
Evoke: Wand              |       |       |     3 |     2 |    10 ||    15
  Use: Scroll            |       |     8 |       |     2 |    12 ||    22
       Potion            |       |     2 |       |     1 |     2 ||     5
 Stab: Sleeping          |     1 |     3 |       |       |     2 ||     6
       Distracted        |       |     1 |       |     1 |     6 ||     8
       Confused          |       |       |     3 |     5 |    19 ||    27
Armor: Robe              |     6 |    21 |    41 |    22 |    46 ||   136
       Skin              |       |     4 |     3 |       |       ||     7
       Leather armour    |       |       |       |     2 |       ||     2
Dodge: Dodged            |    39 |    58 |    78 |   101 |   373 ||   649
